 Dungeon Crawl Stone Soup version 0.17.0-56-gd8de76c (webtiles) character file.

646 Peloso the Covered (level 7, -14/61 HPs)
             Began as a Minotaur Fighter on Dec 6, 2015.
             Demolished by a shadow (29 damage)
             ... created by the darkness of Dithmenos
             ... in a sewer.
             The game lasted 00:11:26 (3551 turns).

Peloso the Covered (Minotaur Fighter)               Turns: 3551, Time: 00:11:26

Health: -14/61     AC: 16    Str: 21    XL:     7   Next: 27%
Magic:  6/6        EV:  1    Int:  5    God:
Gold:   185        SH: 10    Dex: 11    Spells: 0 memorised, 6 levels left

rFire  + . .     SeeInvis .     a - +0 long sword
rCold  + . .     Clarity  .     l - +1 gold dragon armour
rNeg   . . .     SustAt   .     c - +0 shield
rPois  +         Gourm    +     (helmet restricted)
rElec  .         Spirit   .     (no cloak)
rCorr  .         Warding  .     (no gloves)
rMut   .         Stasis   .     (no boots)
MR     .....                    b - amulet of the gourmand
Stlth  ..........               (no ring)
                                (no ring)

@: lethally poisoned (-14 -> -15), not resistant to hostile enchantments,
extremely unstealthy
A: retaliatory headbutt, horns 2
a: no special abilities


You were in a sewer.
You were completely stuffed.

You visited 1 branch of the dungeon, and saw 4 of its levels.
You also visited: Sewer.

You collected 185 gold pieces.

Inventory:

Hand Weapons
 a - a +0 long sword (weapon)
Armour
 c - a +0 shield (worn)
 l - a +1 gold dragon armour (worn)
Jewellery
 b - an amulet of the gourmand (around neck)
Scrolls
 f - 2 scrolls of identify
 h - 2 scrolls of enchant armour
 j - 5 scrolls of teleportation {unknown}
 o - 3 scrolls of remove curse {unknown}
 p - a scroll of blinking {unknown}
 q - a scroll of immolation {unknown}
Potions
 d - 3 potions of might
 g - a potion of magic
 k - a potion of brilliance
 m - 3 potions of lignification {unknown}
Comestibles
 e - 3 bread rations
 i - a slice of pizza
 n - a meat ration
 r - 3 fruits


   Skills:
 + Level 5.1 Fighting
 + Level 4.6 Long Blades
 + Level 6.6 Armour
 + Level 6.5 Shields


You had 6 spell levels left.
You didn't know any spells.

Dungeon Overview and Level Annotations

Branches:
Dungeon (4/15)
 Temple: D:4-7

Altars:
Dithmenos
Nemelex Xobeh


Innate Abilities, Weirdness & Mutations

You reflexively headbutt those who attack you in melee.
You have a pair of horns on your head.


Message History

Your gold dragon armour prevents you from hitting the rat.
You block the shadow's attack. x2
The rat bites you but does no damage.
The shadow strikes at you from the darkness!
Your unstable footing causes you to fumble your attack.
You feel sick.
The shadow slips into darkness.
The shadow flickers and vanishes!
You block the shadow's attack.
The rat splashes around in the water.
The shadow strikes at you from the darkness!
* * * LOW HITPOINT WARNING * * *
Reactivating autopickup.
The shadow strikes at you from the darkness!
Deactivating autopickup; reactivate with Ctrl-A.
You block the shadow's attack.
Your unstable footing causes you to fumble your attack.
You block the rat's attack. The shadow hits you.
* * * LOW HITPOINT WARNING * * *
The shadow strikes at you from the darkness!
You die...

#≈# #≈# #†# #≈# ##≈##
##≈## ##..≈## ##≈≈.##
#.≈..≈####≈...≈#####.
#.≈..≈≈≈≈≈....≈≈≈≈≈≈≈
#.....####.≈≈..#####
##..≈## ##WW{## #####
##@## #r# #≈# #≈# ...
.≈. ..≈ ..≈.≈


You could see 2 shadows and a rat.

Vanquished Creatures
  Eustachio (D:4)
  The ghost of subsebi the Shield-Bearer, an amateur GrFi (D:3)
  A scorpion (D:4)
  2 centaur skeletons (D:4)
  A worker ant (D:4)
  A river rat (D:4)
  10 gnolls
  12 adders
  2 oozes (Sewer)
  5 worms
  A giant gecko (D:2)
  5 orcs
  5 bats
  8 goblins
  5 hobgoblins
  3 jackals
  4 kobolds
  2 quokkas
  5 giant cockroaches
  A giant gecko skeleton (D:4)
  3 giant newts
  14 rats
92 creatures vanquished.

Notes
Turn   | Place    | Note
--------------------------------------------------------------
     0 | D:1      | Peloso the Minotaur Fighter began the quest for the Orb.
     0 | D:1      | Reached XP level 1. HP: 19/19 MP: 0/0
    40 | D:1      | Found a sparkling altar of Nemelex Xobeh.
   347 | D:1      | Reached XP level 2. HP: 27/27 MP: 1/1
   491 | D:1      | Reached skill level 4 in Fighting
  1016 | D:2      | Reached XP level 3. HP: 33/33 MP: 2/2
  1612 | D:2      | Reached XP level 4. HP: 40/40 MP: 3/3
  2431 | D:2      | Reached skill level 5 in Armour
  2514 | D:3      | Reached XP level 5. HP: 42/47 MP: 4/4
  2605 | D:3      | Found a faded altar to an unknown god.
  2611 | D:3      | Became a worshipper of Dithmenos the Shadowed
  2611 | D:3      | Reached * piety under Dithmenos
  2617 | D:3      | Fell from the grace of Dithmenos
  2671 | D:3      | Noticed subsebi's ghost (amateur GrFi)
  2696 | D:3      | Killed subsebi's ghost
  2696 | D:3      | Reached skill level 5 in Shields
  2927 | D:4      | Reached XP level 6. HP: 55/55 MP: 5/5
  3081 | D:4      | Noticed Eustachio
  3109 | D:4      | Killed Eustachio
  3109 | D:4      | Reached skill level 5 in Fighting
  3109 | D:4      | Reached skill level 6 in Shields
  3245 | D:4      | Reached XP level 7. HP: 37/61 MP: 6/6
  3437 | D:4      | Found a glowing drain.
  3441 | Sewer    | Entered a sewer
  3545 | Sewer    | Noticed a shadow
  3545 | Sewer    | Noticed a shadow
  3545 | Sewer    | Noticed a shadow
  3551 | Sewer    | Demolished by a shadow

Action                   |  1- 3 |  4- 6 |  7- 9 || total
-------------------------+-------+-------+-------++-------
Melee: Long sword        |   105 |   160 |    67 ||   332
Invok: Renounce Religion |       |     1 |       ||     1
  Use: Scroll            |     6 |     1 |       ||     7
       Potion            |       |     1 |       ||     1
  Eat: Chunk             |     2 |    10 |     9 ||    21
